 Dungeon Crawl Stone Soup version 0.18.1-50-g88ac8fd (webtiles) character file.

161973 Holeefuk the Fencer (level 18, 26/157 HPs)
             Began as a Formicid Fighter on Sept 26, 2016.
             Was the Champion of Okawaru.
             Quit the game on level 4 of the Swamp on Sept 27, 2016.
             The game lasted 03:05:24 (26890 turns).

Holeefuk the Fencer (Formicid Fighter)             Turns: 26890, Time: 03:05:25

Health: 26/157     AC: 27    Str: 33    XL:     18   Next: 43%
Magic:  19/21      EV: 24    Int: 10    God:    Okawaru [******]
Gold:   1723       SH: 18    Dex: 15    Spells: 0 memorised, 17 levels left

rFire  . . .     SeeInvis +     R - +3 great sword (flame)
rCold  + . .     Gourm    .     q - +1 chain mail {rC+}
rNeg   . . .     Faith    .     O - +2 shield {rPois}
rPois  +         Spirit   .     (helmet unavailable)
rElec  .         Dismiss  .     i - +0 cloak
rCorr  .         Reflect  .     l - +0 pair of gloves
SustAt .         Harm     .     Y - +2 pair of boots {run}
MR     +....     Clarity  +     H - amulet of regeneration
Stlth  +.........               L - +3 ring of protection
                                P - +6 ring of strength

@: agile, heroism, quick, somewhat resistant to hostile enchantments, very
unstealthy
A: permanent stasis, dig shafts and tunnels, four strong arms, antennae 3,
clarity, low mp 1, robust 1
a: Dig, Shaft Self, Heroism, Finesse, Renounce Religion


You were on level 4 of the Swamp.
You worshipped Okawaru.
Okawaru was exalted by your worship.
You were near starving.

You visited 5 branches of the dungeon, and saw 30 of its levels.
You also visited: Ossuary and Ice Cave.

You collected 2227 gold pieces.
You spent 504 gold pieces at shops.

Inventory:

Hand Weapons
 D - a +1 double sword of draining
 R - a +3 great sword of flaming (weapon)
Armour
 i - a +0 cloak (worn)
 l - a +0 pair of gloves (worn)
 q - a +1 chain mail of cold resistance (worn)
 J - a +0 large shield of cold resistance
 O - a +2 shield of poison resistance (worn)
 Y - a +2 pair of boots of running (worn)
Jewellery
 t - an uncursed ring of resist corrosion
 H - an amulet of regeneration (around neck)
 I - an uncursed ring of protection from fire
 L - a +3 ring of protection (right hand)
 P - a +6 ring of strength (left hand)
 Q - an uncursed ring of positive energy
 U - an uncursed ring of protection from cold
 V - an uncursed ring of protection from magic
 W - a +2 amulet of reflection
 X - a +2 ring of evasion
Wands
 b - a wand of disintegration (14/24)
 c - a wand of lightning (3/15)
 k - a wand of digging (21/24)
 p - a wand of enslavement (12/24)
 E - a wand of paralysis (8/24)
 T - a wand of iceblast (4/15)
 Z - a wand of confusion (25/48)
Scrolls
 e - 9 scrolls of identify
 r - a scroll of magic mapping
 s - 7 scrolls of fog
 y - 15 scrolls of remove curse
 A - 3 scrolls of brand weapon
 B - 2 scrolls of summoning
 C - 4 scrolls of fear
 K - 7 scrolls of recharging
 M - 4 scrolls of enchant weapon
Potions
 a - a potion of magic
 d - 3 potions of might
 g - 4 potions of flight
 h - 4 potions of cure mutation
 m - 8 potions of lignification
 n - 7 potions of agility
 v - 5 potions of heal wounds
 w - a potion of brilliance
 x - 11 potions of curing
 G - 5 potions of cancellation
 N - 5 potions of resistance
Books
 F - a book of Power

   Spells                             Type                      Level
   a - Fulminant Prism                Conjuration/Hexes            4
   b - Iskenderun's Mystic Blast      Conjuration                  4
   c - Venom Bolt                     Conjuration/Poison           5
   d - Bolt of Magma                  Conjuration/Fire/Earth       5
   e - Iron Shot                      Conjuration/Earth            6
   f - Orb of Destruction             Conjuration                  7
   g - Spellforged Servitor           Conjuration/Summoning        7
Comestibles
 f - 16 bread rations
 j - 14 beef jerkies
 o - 5 fruits
 u - 15 meat rations
 z - a royal jelly


   Skills:
 - Level 13.1(18.1) Fighting
 - Level 19.4(24.4) Long Blades
 + Level 15.7(20.7) Armour
 - Level 10.0(15.0) Dodging
 - Level 11.0(16.0) Shields
 - Level 8.2 Invocations
 - Level 0.2 Evocations


You had 17 spell levels left.
You didn't know any spells.

Dungeon Overview and Level Annotations

Branches:
Dungeon (15/15)            Temple (0/1) D:4            Lair (8/8) D:11
  Swamp (4/4) Lair:4        Snake (2/4) Lair:3        Slime (0/6) Lair:6
 Vaults (0/5) D:13         Depths (1/5) D:15
    Orc: D:9-12

Altars:
Cheibriados
Dithmenos
Fedhas
Gozag
Kikubaaqudgha
Nemelex Xobeh
Okawaru
Pakellas
Qazlal
Ru
Sif Muna
Zin
Jiyva

Shops:
D:12 [   D:14 [!?::

Annotations:
D:4 poop's ghost, amateur MiFi
Swamp:3 exclusion: oklob plant
Swamp:4 Lernaean hydra


Innate Abilities, Weirdness & Mutations

You are under a permanent stasis effect.
You can dig through walls and to a lower floor.
Your four strong arms can wield two-handed weapons with a shield.
You have a pair of large antennae on your head (SInv).
You possess an exceptional clarity of mind.
Your magical capacity is low (-10% MP).
You are robust (+10% HP).


Message History

The 27-headed Lernaean hydra bites you!
* * * LOW HITPOINT WARNING * * *
The 27-headed Lernaean hydra barely misses you.
The 27-headed Lernaean hydra closely misses you.
The 27-headed Lernaean hydra bites you.
* * * LOW HITPOINT WARNING * * *
You block the 27-headed Lernaean hydra's attack.
The 27-headed Lernaean hydra bites you but does no damage.
The 27-headed Lernaean hydra closely misses you.
The 27-headed Lernaean hydra barely misses you.
The 27-headed Lernaean hydra bites you but does no damage. x3
The 27-headed Lernaean hydra barely misses you.
You block the 27-headed Lernaean hydra's attack.
The 27-headed Lernaean hydra bites you.
* * * LOW HITPOINT WARNING * * *
The 27-headed Lernaean hydra bites you but does no damage.
The 27-headed Lernaean hydra misses you.
Unknown command.
Unknown command.
Are you sure you want to abandon this character and quit the game? (Confirm with "yes".)

≈...≈≈≈.≈≈♣ ♣♣≈≈.....♣ ♣♣
≈≈≈≈≈≈≈≈.≈♣♣♣.≈≈≈≈≈.≈♣
≈≈≈≈§§≈≈.≈≈≈≈≈≈DD≈≈§♣♣
♣.≈≈..[.♣♣..≈≈≈D≈≈≈..♣♣♣
♣≈..♣♣..≈≈..≈♣♣♣v≈≈....♣♣♣♣♣♣
♣♣♣.....k.≈.♣ ♣D≈§..≈..♣♣≈≈♣
♣♣♣.§.{.v{§≈♣ ♣♣§§≈.≈≈.≈≈§≈.♣
♣♣.≈≈≈♣♣♣♣.§♣ ♣§§§§.≈≈.≈≈≈..♣
♣♣.≈..♣♣♣♣)D♣♣♣♣@D§♣♣..≈...♣♣
♣≈..≈≈≈.≈?.≈.§♣♣§§♣♣♣.≈≈≈...♣
♣.≈≈≈≈≈§.≈≈≈≈{vk♣♣♣.≈≈≈§♣.≈♣♣
♣.≈≈≈≈≈≈.≈≈≈≈≈ki{.≈≈≈≈.≈♣♣♣♣
♣.≈..≈≈.≈.≈≈≈≈≈≈§≈≈≈.≈♣♣♣
♣♣..≈..♣♣.≈≈≈≈≈≈≈≈≈.≈♣♣
≈..≈♣♣♣♣♣D..≈≈≈≈≈≈≈≈.♣
.≈≈≈≈♣♣ ♣...≈≈≈≈≈≈≈.♣♣♣♣♣♣
≈≈≈≈≈.♣♣♣≈§♣.§≈≈...≈♣♣...♣♣


You could see the 27-headed Lernaean hydra, an eight-headed hydra, a four-headed
hydra, 2 swamp dragons, a spriggan rider, 2 swamp drakes and an insubstantial
wisp.

Vanquished Creatures
  2 thorn hunters (Swamp:3)
  A frost giant (IceCv)
  An ettin (D:15)
  The ghost of Eli the Martial Artist, a journeyman DsMo of Pakellas (Lair:5)
  The ghost of CountDeLaPain the Nimble, a journeyman KoBe of Trog (IceCv)
  2 vault guards (D:13)
  Snorg (D:13)
  3 rakshasas (D:15)
  A fire dragon (D:15)
  A naga warrior (Snake:1)
  12 hydras
  The ghost of turokix the Carver, a journeyman DsCK of Xom (D:9)
  4 ghost crabs
  3 catoblepae (Lair:8)
  5 centaur warriors
  16 death yaks
  An ogre mage (D:12)
  3 anacondas (Snake:1)
  10 alligators
  3 shock serpents
  A hell hog (shapeshifter) (D:15)
  6 naga sharpshooters
  The ghost of shrinkshooter the Summoner, a novice TeSu of Yredelemnul (D:11)
  A skeletal warrior (D:12)
  3 unseen horrors
  4 swamp dragons
  5 shambling mangroves
  A naga ritualist (Snake:2)
  A phantasmal warrior (D:12)
  2 wizards
  5 hill giants
  3 necromancers (D:13)
  Pikel (D:4)
  2 spriggan druids
  3 deep elf magi
  4 mana vipers
  A wolf spider zombie (D:12)
  4 ugly things
  2 cyclopes (D:11)
  A manticore (D:12)
  An oklob plant (Swamp:3)
  4 griffons
  3 hornets (Swamp:3)
  A salamander (Snake:1)
  17 black mambas
  Joseph (D:7)
  An ice statue (IceCv)
  17 elephants
  A guardian serpent (Snake:2)
  4 naga magi (Snake:2)
  2 gargoyles (D:14)
  A torpor snail (Lair:6)
  16 spiny frogs
  11 komodo dragons
  An efreet (D:14)
  A rime drake (Lair:5)
  A redback zombie (D:14)
  7 trolls
  2 giant leeches
  14 polar bears (IceCv)
  5 two-headed ogres
  Prince Ribbit (D:6)
  23 slime creatures
  5 bog bodies
  15 blink frogs
  2 vampires
  Sigmund (D:3)
  5 spriggans
  4 shadows
  2 wyverns
  74 yaks
  4 basilisks
  7 hippogriffs
  4 wraiths
  18 humans (D:13)
  A hungry ghost (D:11)
  23 vampire mosquitoes
  Grum (D:8)
  11 insubstantial wisps
  A soldier ant (D:12)
  A steam dragon (D:14)
  16 swamp worms
  2 mottled dragons
  17 nagas
  11 water moccasins
  12 porcupines
  6 swamp drakes
  A black bear (D:8)
  6 sky beasts
  16 ice beasts
  5 orc warriors
  An eye of draining (D:14)
  4 phantoms
  A necrophage (D:10)
  11 wasps
  7 ogres
  3 boggarts (D:15)
  30 wolves
  12 crocodiles
  11 centaurs
  3 big kobolds
  A gnoll sergeant (D:13)
  27 giant frogs
  A wyvern zombie (D:11)
  3 scorpions
  16 killer bees
  10 wights
  3 electric eels
  7 howler monkeys
  5 crimson imps
  A wasp zombie (D:7)
  3 centaur zombies
  3 giant frog zombies
  9 hounds
  3 jellies
  A quasit (D:13)
  Crazy Yiuf (D:3)
  4 orc priests
  8 centaur skeletons
  A giant frog skeleton (D:8)
  Jessica (D:3)
  6 iguanas
  7 worker ants
  15 orc wizards
  31 sheep
  2 hound skeletons
  4 mummies
  Robin (D:2)
  16 gnolls
  A worker ant zombie (D:7)
  14 adders
  89 river rats
  7 shadow imps
  An ooze (D:2)
  6 adder zombies
  An adder skeleton (D:7)
  3 worms (D:2)
  4 dart slugs
  4 giant geckos
  47 orcs
  2 ball pythons
  13 bats
  5 giant cockroaches
  11 goblins
  10 hobgoblins
  11 jackals
  7 quokkas
  5 giant newts
  A gnoll zombie (Ossuary)
  A goblin zombie (Ossuary)
  2 hobgoblin zombies (Ossuary)
  20 kobolds
  3 kobold zombies (Ossuary)
  A quokka skeleton (D:6)
  4 rats
  7 rat zombies (Ossuary)
  A briar patch (Swamp:3)
  3 fungi
1086 creatures vanquished.

Vanquished Creatures (others)
  A hydra (Swamp:4)
  2 polar bears (IceCv)
  4 insubstantial wisps
  A swamp worm (Swamp:3)
  3 slaves (D:4)
  4 centaurs (Lair:6)
  A worker ant (D:4)
  6 fungi
  6 plants
28 creatures vanquished.

Grand Total: 1114 creatures vanquished

Notes
Turn   | Place    | Note
--------------------------------------------------------------
     0 | D:1      | Holeefuk the Formicid Fighter began the quest for the Orb.
     0 | D:1      | Reached XP level 1. HP: 18/18 MP: 1/1
   131 | D:1      | Reached XP level 2. HP: 24/24 MP: 2/2
   352 | D:1      | Reached skill level 3 in Long Blades
   405 | D:1      | Reached XP level 3. HP: 27/29 MP: 3/3
   933 | D:2      | Found a faded altar to an unknown god.
   970 | D:2      | Found an iron altar of Okawaru.
  1000 | D:2      | Became a worshipper of Warmaster Okawaru
  1035 | D:2      | Reached skill level 4 in Long Blades
  1035 | D:2      | Reached XP level 4. HP: 31/35 MP: 4/4
  1138 | D:2      | Found a snail-covered altar of Cheibriados.
  1424 | D:3      | Noticed Jessica
  1431 | D:3      | Killed Jessica
  1431 | D:3      | Reached XP level 5. HP: 17/41 MP: 5/5
  1479 | D:3      | Found a glowing silver altar of Zin.
  1556 | D:3      | Noticed a fire elemental
  1557 | D:3      | Found a stormy altar of Qazlal.
  1576 | D:3      | Noticed Sigmund
  1578 | D:3      | Gained mutation: You are robust (+10% HP). [potion of mutation]
  1578 | D:3      | Gained mutation: Your magical capacity is low (-10% MP). [potion of mutation]
  1578 | D:3      | Gained mutation: You possess an exceptional clarity of mind. [potion of mutation]
  1631 | D:3      | Noticed Robin
  1646 | D:2      | Reached skill level 5 in Long Blades
  1686 | D:2      | Killed Robin
  1882 | D:3      | Reached * piety under Okawaru
  1888 | D:3      | Reached XP level 6. HP: 35/52 MP: 5/5
  2054 | D:3      | Found an opulent altar of Gozag.
  2054 | D:3      | Found an ancient bone altar of Kikubaaqudgha.
  2124 | D:3      | Noticed an air elemental
  2127 | D:3      | Noticed a water elemental
  2276 | D:3      | Reached skill level 5 in Fighting
  2319 | D:3      | Killed Sigmund
  2319 | D:3      | Reached XP level 7. HP: 53/63 MP: 3/6
  2468 | D:4      | Found a sand-covered staircase.
  2484 | D:4      | Noticed Pikel
  2493 | D:4      | Killed Pikel
  2493 | D:4      | Reached ** piety under Okawaru
  2493 | D:4      | Reached XP level 8. HP: 75/75 MP: 4/7
  2512 | D:4      | Noticed poop's ghost (amateur MiFi)
  2563 | Ossuary  | Entered an ossuary
  3089 | D:4      | Found a staircase to the Ecumenical Temple.
  3222 | D:4      | Reached *** piety under Okawaru
  3222 | D:4      | Reached skill level 5 in Armour
  3832 | D:5      | Entered Level 5 of the Dungeon
  3872 | D:5      | Reached skill level 1 in Dodging
  3909 | D:5      | Reached XP level 9. HP: 71/82 MP: 8/8
  4016 | D:5      | Reached skill level 6 in Long Blades
  4427 | D:6      | Found a sparkling altar of Nemelex Xobeh.
  4550 | D:6      | Reached **** piety under Okawaru
  4645 | D:6      | Noticed Prince Ribbit
  4668 | D:6      | Killed Prince Ribbit
  4668 | D:6      | Reached skill level 5 in Shields
  4713 | D:6      | Received a gift from Okawaru
  4887 | D:6      | Found a blossoming altar of Fedhas.
  4890 | D:6      | Found a shadowy altar of Dithmenos.
  4893 | D:6      | Found a deep blue altar of Sif Muna.
  5284 | D:7      | Reached skill level 7 in Long Blades
  5324 | D:7      | Reached XP level 10. HP: 86/90 MP: 9/9
  5429 | D:7      | Reached skill level 8 in Long Blades
  5592 | D:7      | Noticed Joseph
  5642 | D:7      | Reached skill level 9 in Long Blades
  5695 | D:7      | Killed Joseph
  5695 | D:7      | Reached ***** piety under Okawaru
  5695 | D:7      | Reached skill level 10 in Long Blades
  6304 | D:8      | Found a sacrificial altar of Ru.
  6369 | D:8      | Noticed Grum
  6399 | D:8      | Received a gift from Okawaru
  6409 | D:8      | Killed Grum
  6708 | D:8      | Reached XP level 11. HP: 87/95 MP: 9/9
  7071 | D:9      | Noticed turokix's ghost (journeyman DsCK)
  7207 | D:9      | Killed turokix's ghost
  7207 | D:9      | Reached skill level 5 in Dodging
  7981 | D:9      | Found an oddly glowing altar of Pakellas.
  8280 | D:3      | Noticed Crazy Yiuf
  8287 | D:3      | Killed Crazy Yiuf
  8476 | D:10     | Entered Level 10 of the Dungeon
  8733 | D:10     | Noticed a hill giant
  8752 | D:10     | Killed a hill giant
  9066 | D:11     | Found a staircase to the Lair.
  9085 | D:11     | Noticed a cyclops
  9206 | D:11     | Noticed shrinkshooter's ghost (novice TeSu)
  9227 | D:11     | Killed shrinkshooter's ghost
  9294 | D:11     | Noticed a cyclops
  9322 | D:11     | Killed a cyclops
  9402 | D:11     | Noticed a green ugly thing
  9421 | D:11     | Noticed a hill giant
  9427 | D:11     | Killed a hill giant
  9427 | D:11     | Reached skill level 10 in Shields
  9427 | D:11     | Reached XP level 12. HP: 59/103 MP: 7/10
  9882 | D:12     | Received a gift from Okawaru
  9940 | D:12     | Reached skill level 10 in Armour
  9945 | D:12     | Received a gift from Okawaru
 10124 | D:12     | Found Fiajir's Armour Boutique.
 10129 | D:12     | Bought a +1 pair of boots of running for 438 gold pieces
 10582 | D:13     | Noticed an unseen horror
 10591 | D:13     | Killed an unseen horror
 10757 | D:13     | Reached skill level 10 in Dodging
 11155 | D:13     | Reached XP level 13. HP: 108/108 MP: 11/11
 11241 | D:13     | Reached skill level 11 in Long Blades
 11383 | D:13     | Reached ****** piety under Okawaru
 11424 | D:13     | Reached skill level 12 in Long Blades
 11480 | D:13     | Found a gate to the Vaults.
 11480 | D:13     | Noticed a vault guard
 11480 | D:13     | Noticed a vault guard
 11491 | D:13     | Killed a vault guard
 11525 | D:13     | Received a gift from Okawaru
 11538 | D:13     | Killed a vault guard
 11538 | D:13     | Reached skill level 13 in Long Blades
 11666 | D:13     | Noticed a centaur warrior
 11683 | D:13     | Killed a centaur warrior
 11727 | D:13     | Noticed a centaur warrior
 11739 | D:13     | Killed a centaur warrior
 11762 | D:13     | Noticed Snorg
 11773 | D:13     | Killed Snorg
 11989 | D:12     | Received a gift from Okawaru
 11994 | D:12     | Got a spiked buckler {god gift}
 12005 | D:12     | Identified the +0 buckler "Tejutese" {rN+ Str+4} (Okawaru gifted it to you on level 12 of the Dungeon)
 12170 | D:12     | Reached skill level 14 in Long Blades
 12214 | D:12     | Noticed a centaur warrior
 12229 | D:12     | Killed a centaur warrior
 12347 | D:14     | Noticed a centaur warrior
 12354 | D:14     | Reached XP level 14. HP: 116/116 MP: 12/12
 12517 | D:14     | Reached skill level 15 in Long Blades
 12662 | D:14     | Found Files's Book Shoppe.
 12727 | D:14     | Found Qoudenk's Book Emporium.
 12783 | D:14     | Found Veapnouss's Armour Boutique.
 12783 | D:14     | Found Suuwun's Distillery.
 12807 | D:14     | Found Xyqext's Magic Scroll Boutique.
 12815 | D:14     | Bought a scroll of identify for 22 gold pieces
 12815 | D:14     | Bought a scroll of identify for 22 gold pieces
 12815 | D:14     | Bought a scroll of identify for 22 gold pieces
 13122 | D:15     | Entered Level 15 of the Dungeon
 13474 | D:15     | Received a gift from Okawaru
 13534 | D:15     | Reached skill level 16 in Long Blades
 14200 | Lair:1   | Entered Level 1 of the Lair of Beasts
 14254 | Lair:1   | Found an ancient bone altar of Kikubaaqudgha.
 14459 | Lair:1   | Reached skill level 10 in Fighting
 14741 | Lair:2   | Received a gift from Okawaru
 14876 | Lair:2   | Reached skill level 1 in Invocations
 15612 | Lair:3   | Reached skill level 5 in Invocations
 15732 | Lair:3   | Found a staircase to the Snake Pit.
 15744 | Lair:3   | Reached XP level 15. HP: 115/126 MP: 17/17
 15802 | Lair:3   | Received a gift from Okawaru
 16669 | Lair:4   | Found a frozen archway.
 16706 | IceCv    | Entered an ice cave
 17053 | IceCv    | Received a gift from Okawaru
 17073 | IceCv    | Noticed CountDeLaPain's ghost (journeyman KoBe)
 17088 | IceCv    | Killed CountDeLaPain's ghost
 17088 | IceCv    | Reached skill level 17 in Long Blades
 17130 | IceCv    | Noticed a frost giant
 17169 | IceCv    | Killed a frost giant
 17207 | IceCv    | Identified the Grimoire of Snow (You found it in an ice cave)
 17524 | Lair:4   | Found a staircase to the Swamp.
 17614 | Lair:5   | Noticed Eli's ghost (journeyman DsMo)
 17653 | Lair:5   | Killed Eli's ghost
 17763 | Lair:5   | Found a deep blue altar of Sif Muna.
 18664 | Lair:6   | Reached skill level 18 in Long Blades
 18803 | Lair:6   | Found a sparkling altar of Nemelex Xobeh.
 18871 | Lair:6   | Received a gift from Okawaru
 18952 | Lair:6   | Found a viscous altar of Jiyva.
 18952 | Lair:6   | Found a staircase to the Slime Pits.
 19486 | Lair:7   | Reached XP level 16. HP: 134/135 MP: 19/19
 20454 | Lair:8   | Entered Level 8 of the Lair of Beasts
 20466 | Lair:8   | Received a gift from Okawaru
 21731 | Snake:1  | Entered Level 1 of the Snake Pit
 22325 | Snake:1  | Reached XP level 17. HP: 128/146 MP: 3/20
 22422 | Snake:1  | Received a gift from Okawaru
 23452 | D:15     | Found a staircase to the Depths.
 23696 | Depths:1 | Entered Level 1 of the Depths
 23958 | Swamp:1  | Entered Level 1 of the Swamp
 24639 | Swamp:2  | Received a gift from Okawaru
 24958 | Swamp:2  | Reached skill level 19 in Long Blades
 25387 | Swamp:3  | Noticed a thorn hunter
 25407 | Swamp:3  | Killed a thorn hunter
 25428 | Swamp:3  | Reached XP level 18. HP: 52/157 MP: 16/21
 26027 | Swamp:3  | Got a twisted executioner's axe
 26028 | Swamp:3  | Identified the +5 executioner's axe of Ashenzari's Envy {elec, Int+3} (You found it on level 3 of the Swamp)
 26384 | Swamp:4  | Entered Level 4 of the Swamp
 26402 | Swamp:4  | Reached skill level 15 in Armour
 26881 | Swamp:4  | Noticed the 27-headed Lernaean hydra
 26890 | Swamp:4  | Quit the game

Skill      XL: |  1  2  3  4  5  6  7  8  9 10 11 12 13 14 15 16 17 18 |
---------------+-------------------------------------------------------+-----
Long Blades    | 3 4 5 7 10 14 16 18 19 | 19.4
Fighting       | 4 6 8 10 12 13 | 13.1
Armour         | 6 8 10 13 14 15 | 15.7
Dodging        | 1 4 8 10 | 10.0
Shields        | 5 6 10 11 | 11.0
Invocations    | 5 7 8 |  8.2
Evocations     | |  0.2

Action                   |  1- 3 |  4- 6 |  7- 9 | 10-12 | 13-15 | 16-18 || total
-------------------------+-------+-------+-------+-------+-------+-------++-------
Melee: Long sword        |   109 |   203 |   441 |    21 |       |       ||   774
       Great sword       |       |       |       |   745 |  1410 |  1346 ||  3501
       Demon blade       |       |       |       |    33 |       |       ||    33
Invok: Heroism           |       |     1 |     2 |     4 |    10 |     9 ||    26
       Finesse           |       |       |       |       |     3 |     4 ||     7
 Abil: Dig               |       |       |       |     1 |     8 |    10 ||    19
  Use: Potion            |       |     2 |       |       |     2 |     3 ||     7
       Scroll            |       |       |       |     6 |    25 |     4 ||    35
 Stab: Distracted        |       |       |       |       |     2 |       ||     2
       Sleeping          |       |       |       |       |     1 |       ||     1
       Petrifying        |       |       |       |       |       |     1 ||     1
       Confused          |       |       |       |       |       |     1 ||     1
  Eat: Chunk             |       |     4 |     9 |    14 |    24 |    13 ||    64
       Beef jerky        |       |       |     1 |       |       |       ||     1
       Fruit             |       |       |       |     4 |     5 |     6 ||    15
       Pizza             |       |       |       |     2 |       |     4 ||     6
       Royal jelly       |       |       |       |     1 |     1 |       ||     2
Armor: Scale mail        |    61 |    90 |   128 |   199 |   269 |       ||   747
       Plate armour      |       |       |       |       |    14 |    31 ||    45
       Chain mail        |       |       |       |       |       |   375 ||   375
Dodge: Dodged            |    36 |    66 |   178 |   324 |   491 |   393 ||  1488
Block: Shield            |    62 |   156 |   246 |   546 |   813 |   800 ||  2623
       Reflection        |       |       |       |       |    25 |     5 ||    30
